 Dungeon Crawl Stone Soup version 0.29.1-15-g9cfb28693d (webtiles) character file.

Game seed: 17758612641594714619

3243 BuddhaDhamma the Severer (level 9, -18/70 HPs)
             Began as a Minotaur Berserker on Mar 15, 2023.
             Was an Elder of Trog.
             Demolished by a wight
             ... wielding a +0 spear of distortion
              (19 damage)
             ... on level 8 of the Dungeon.
             The game lasted 00:11:45 (7823 turns).

BuddhaDhamma the Severer (Minotaur Berserker)       Turns: 7823, Time: 00:11:46

Health: -18/70     AC: 18    Str: 26    XL:     9   Next: 67%
Magic:  8/8        EV:  4    Int:  4    God:    Trog [****..]
Gold:   315        SH:  0    Dex: 10    Spells: 8/8 levels left

rFire   . . .      SeeInvis .   f - +0 battleaxe (freeze)
rCold   . . .      Faith    .   (shield currently unavailable)
rNeg    . . .      Spirit   .   b - +0 crystal plate armour
rPois   .          Reflect  .   (helmet restricted)
rElec   .          Harm     .   l - +0 cloak
rCorr   .          Rampage  .   j - +1 pair of gloves
Will    .....                   (no boots)
Stlth   ..........              (no amulet)
HPRegen 0.21/turn               (no ring)
MPRegen 0.11/turn               (no ring)

@: no status effects
A: horns 2, retaliatory headbutt
a: Renounce Religion, Berserk, Trog's Hand, Brothers in Arms


You were on level 8 of the Dungeon.
You worshipped Trog.
Trog was greatly pleased with you.
You visited 1 branch of the dungeon, and saw 8 of its levels.

You collected 539 gold pieces.
You spent 224 gold pieces at shops.

Inventory:

Hand Weapons
 f - a +0 battleaxe of freezing (weapon)
Missiles
 n - 8 poisoned darts (quivered)
Armour
 b - a +0 crystal plate armour (worn)
 j - a +1 pair of gloves (worn)
 l - a +0 cloak (worn)
Wands
 o - a wand of polymorph (6)
 q - a wand of digging (8)
 r - a wand of iceblast (6)
Scrolls
 e - a scroll of summoning
 g - 2 scrolls of amnesia
 t - a scroll of fear
Potions
 a - a potion of haste {unknown}
 c - 4 potions of attraction
 d - 4 potions of brilliance
 h - 2 potions of might
 i - 3 potions of heal wounds
 k - 4 potions of curing
 m - a potion of flight {unknown}
 p - 2 potions of degeneration {unknown}
 s - 3 potions of lignification {unknown}


   Skills:
 - Level 3.6 Fighting
 + Level 16.3 Axes
 - Level 2.4 Armour
 - Level 2.1 Dodging


You had 8 spell levels left.
You didn't know any spells.
Your spell library was empty.

Dungeon Overview and Level Annotations

Branches:
Dungeon (8/15)             Temple (0/1) D:4
   Lair: D:8-11

Altars:
Ashenzari
Dithmenos
Elyvilon
Gozag
Hepliaklqana
Kikubaaqudgha
Ru
Sif Muna
Uskayaw
Xom
Zin

Shops:
D:4 *   D:5 =


Innate Abilities, Weirdness & Mutations

You have a pair of horns on your head.
You reflexively headbutt those who attack you in melee.


Message History

No target in view!
A wight comes into view. It is wielding a +3 great sword.
A wight comes into view. It is wielding a +4 battleaxe.
A wight comes into view.
It is wielding a +0 spear of distortion.
The wight hits you with a +3 great sword.
You feel drained.
Things that are here:
a +2 hand axe; a +0 robe You slice the wight!!
You destroy the wight!
Trog accepts your kill. The wight barely misses you.
Your life force feels restored. 2 orcs come into view.
Found 8 stones.
The orc shouts! x2
The wight hits you with a +0 spear of distortion.
Space warps horribly around you!!
An orc priest comes into view. It is wielding a +0 flail.
Things that are here:
a +3 great sword; a +0 robe You completely miss the wight.
The orc priest shouts!
You headbutt the wight!
The wight is heavily damaged.
You closely miss the wight. The wight hits you with a +4 battleaxe.
The wight hits you but does no damage. Space warps horribly around you!
* * * LOW HITPOINT WARNING * * *
The orc priest invokes the aid of Beogh against you.
Beogh smites you!
* * * LOW HITPOINT WARNING * * *
You slice the wight!!
You destroy the wight!
Trog accepts your kill.
You barely miss the wight. The wight hits you but does no damage.
You blink.
The wight attacks as you move away! The wight hits you but does no damage.
Space warps around you.
* * * LOW HITPOINT WARNING * * *
The wight hits you but does no damage. Space warps horribly around you!!
You die...

.## ..# ##(...##...
#####.# #...o..#...
....#.# #..........
###.#.#### #..........
#......#####...o......
###........#.o........
###.####.#.......... #
#.###.)ยง).@....... #
#...).##z.........
########..####.##.#..#..
..........# #..# .# .#
........#.# #.## .# ..
..........# #. .# ..
........#.. .. .. .
........##.... ..
........ ..


You could see a wight, an orc priest and 2 orcs.

Vanquished Creatures
  An orc warrior (D:6)
  A sky beast (D:7)
  4 ice beasts
  2 black bears (D:5)
  3 centaurs (D:7)
  2 phantoms (D:4)
  Blork the orc (D:5)
  A bullfrog (D:7)
  5 scorpions
  13 wights
  2 howler monkeys (D:7)
  2 hounds (D:5)
  6 orc priests
  4 iguanas
  Ijyb (D:3)
  14 orc wizards
  Natasha (thrice) (D:3)
  5 adders
  A shadow imp (D:5)
  2 white imps (D:6)
  An ufetubus (D:5)
  4 worms
  2 dart slugs (D:1)
  14 orcs
  5 ball pythons
  8 bats
  7 endoplasms
  4 giant cockroaches (D:1)
  4 goblins
  8 hobgoblins
  3 jackals (D:1)
  2 kobolds
  3 frilled lizards
  6 rats
144 creatures vanquished.

Notes
Turn   | Place    | Note
-------+----------+-------------------------------------------
     0 | D:1      | BuddhaDhamma the Minotaur Berserker began the quest for the
                  | Orb.
     0 | D:1      | Reached XP level 1. HP: 19/19 MP: 0/0
   217 | D:1      | Reached skill level 4 in Axes
   287 | D:1      | Reached XP level 2. HP: 22/26 MP: 1/1
   639 | D:1      | Reached skill level 5 in Axes
   713 | D:1      | Reached XP level 3. HP: 29/31 MP: 2/2
  1097 | D:1      | Found a faded altar of an unknown god.
  1301 | D:2      | Found a shimmering blue altar of Sif Muna.
  1445 | D:2      | Reached ** piety under Trog
  2287 | D:3      | Found an ancient bone altar of Kikubaaqudgha.
  2294 | D:3      | Reached skill level 6 in Axes
  2294 | D:3      | Reached XP level 4. HP: 38/39 MP: 3/3
  2383 | D:3      | Noticed Ijyb
  2384 | D:3      | Noticed Natasha
  2400 | D:3      | Killed Ijyb
  2409 | D:3      | Killed Natasha
  2666 | D:3      | Noticed Natasha
  2675 | D:3      | Killed Natasha
  2676 | D:3      | Reached skill level 7 in Axes
  2676 | D:3      | Reached XP level 5. HP: 32/45 MP: 4/4
  2700 | D:3      | Noticed Natasha
  2706 | D:3      | Killed Natasha
  3079 | D:4      | Reached skill level 8 in Axes
  3087 | D:4      | Reached XP level 6. HP: 48/51 MP: 5/5
  3110 | D:4      | Reached skill level 9 in Axes
  3309 | D:4      | Found Byuggee's Bounteous Boutique.
  3335 | D:4      | Found a shimmering altar of Xom.
  3352 | D:4      | Bought a +0 battleaxe for 91 gold pieces
  3587 | D:4      | Found a broken altar of Ashenzari.
  3640 | D:4      | Reached XP level 7. HP: 22/49 MP: 6/6
  3883 | D:4      | Reached skill level 10 in Axes
  3987 | D:4      | Found a staircase to the Ecumenical Temple.
  4050 | D:4      | Noticed a +0 dagger
  4056 | D:4      | Found a hide-covered altar of Uskayaw.
  4057 | D:4      | Noticed a +0 short sword
  4059 | D:4      | Noticed a +0 short sword
  4059 | D:4      | Noticed a +0 dagger
  4059 | D:4      | Noticed a +0 falchion
  4059 | D:4      | Noticed a +0 spear
  4059 | D:4      | Noticed a +0 falchion
  4061 | D:4      | Noticed a +0 spear
  4083 | D:4      | Found a shadowy altar of Dithmenos.
  4085 | D:4      | Found a white marble altar of Elyvilon.
  4131 | D:4      | Found a sacrificial altar of Ru.
  4370 | D:4      | Bought a scroll of brand weapon for 133 gold pieces
  4487 | D:5      | Entered Level 5 of the Dungeon
  4497 | D:5      | Found Xegoh's Jewellery Shoppe.
  4537 | D:5      | Reached skill level 11 in Axes
  4783 | D:5      | Reached XP level 8. HP: 64/64 MP: 7/7
  4793 | D:5      | Reached *** piety under Trog
  4833 | D:5      | Reached skill level 12 in Axes
  5269 | D:5      | Noticed Blork the orc
  5275 | D:5      | Killed Blork the orc
  5407 | D:5      | Reached skill level 13 in Axes
  6043 | D:5      | Found a hazy altar of Hepliaklqana.
  6052 | D:5      | Found a glowing silver altar of Zin.
  6410 | D:6      | Reached skill level 14 in Axes
  6562 | D:6      | Reached XP level 9. HP: 57/70 MP: 8/8
  6868 | D:7      | Identified the +9 falchion "Heclant" {freeze, Fly SInv}
  6884 | D:7      | Reached skill level 15 in Axes
  6893 | D:7      | Reached **** piety under Trog
  7361 | D:7      | Found an opulent altar of Gozag.
  7814 | D:8      | Reached skill level 16 in Axes
  7823 | D:8      | HP: 1/70 [wight/+0 spear of distortion (3)]
  7823 | D:8      | Demolished by a wight

Illustrated notes

Levels and vault maps discovered:
D:1:      lemuel_arrival_hallway, layout_basic,
          hellmonk_ecumenical_altar_defaced_shrine
D:2:      layout_loops_corners, basic_altar
D:3:      layout_loops_ring, nicolae_kikubaaqudgha_miasma_corner,
          grunt_ministairs_10, uniq_natasha, uniq_ijyb
D:4:      layout_loops_ring, evilmike_ruin_ashenzari,
          mainiacjoe_overflow_brackets, nicolae_uskayaw_en_pointe,
          amcnicky_altar_gilded, jmf_multi_god_temple,
          minmay_temple_entry_junction, nicolae_alphabet_shops
D:5:      layout_layer_cave, mainiacjoe_overflow_swirl, serial_shops, shop,
          uniq_blork_the_orc
D:6:      layout_rooms
D:7:      layout_rooms, overflow_temple_1_default, hangedman_decor_opposing
D:8:      layout_rooms

Skill      XL: |  1  2  3  4  5  6  7  8  9 |
---------------+----------------------------+-----
Axes           | 4 5 6 7 8 9 11 14 16 | 16.3
Fighting       | |  3.6
Armour         | |  2.4
Dodging        | |  2.1

Action                   |  1- 3 |  4- 6 |  7- 9 || total
-------------------------+-------+-------+-------++-------
Melee: Hand axe          |    87 |    72 |       ||   159
       Headbutt          |    12 |    10 |    21 ||    43
       Punch             |       |     1 |       ||     1
       Battleaxe         |       |    27 |   184 ||   211
Throw: Dart              |     1 |       |       ||     1
Invok: Berserk           |       |     2 |     1 ||     3
  Use: Scroll            |       |     8 |     7 ||    15
Armor: Leather armour    |    14 |       |       ||    14
       Chain mail        |    19 |       |       ||    19
       Plate armour      |     4 |    80 |    76 ||   160
       Crystal plate arm |       |       |    79 ||    79
Dodge: Dodged            |    49 |    43 |    43 ||   135
